 Dungeon Crawl Stone Soup version 0.18-a0-1426-g3b9a63c (webtiles) character file.

202 namelastname112 the Insei (level 5, 0/45 HPs)
             Began as a Draconian Monk on Feb 27, 2016.
             Slain by comborobin's ghost (4 damage)
             ... on level 4 of the Dungeon.
             The game lasted 00:03:22 (2479 turns).

namelastname112 the Insei (Draconian Monk)          Turns: 2479, Time: 00:03:23

Health: 0/45       AC:  5    Str: 16 (17) XL:     5   Next: 50%
Magic:  4/5        EV: 12    Int:  8 (10) God:
Gold:   129        SH:  0    Dex: 12 (15) Spells: 0 memorised, 4 levels left

rFire  + . .     SeeInvis .       - Unarmed
rCold  . . .     Gourm    .     (armour unavailable)
rNeg   . . .     Faith    .     (no shield)
rPois  .         Spirit   .     (helmet restricted)
rElec  .         Dismiss  .     (no cloak)
rCorr  .         Reflect  .     (no gloves)
SustAt .         Harm     .     (no boots)
MR     .....                    c - amulet of rage
Stlth  ++........               (no ring)
                                r - +4 ring of strength

@: lethally poisoned (0 -> -33), drained, not resistant to hostile enchantments,
unstealthy
A: unfitting armour, horns 1, fire resistance 1, sense surroundings 1,
cold-blooded, MP-powered wands, AC +5
a: Evoke Berserk Rage


You were on level 4 of the Dungeon.
You were very hungry.

You visited 1 branch of the dungeon, and saw 4 of its levels.

You collected 129 gold pieces.

Inventory:

Missiles
 q - 3 curare-tipped needles
Jewellery
 c - an amulet of rage (around neck)
 r - a +4 ring of strength (left hand)
Wands
 l - a wand of polymorph (11/24)
Scrolls
 e - 2 scrolls of identify {unknown}
 g - a scroll of enchant armour {unknown}
 i - 2 scrolls of recharging {unknown}
 j - a scroll of fear {unknown}
 k - a scroll of random uselessness {unknown}
 o - 3 scrolls of remove curse {unknown}
 s - 5 scrolls of teleportation {unknown}
 t - 2 scrolls of enchant weapon {unknown}
 u - a scroll of immolation {unknown}
Potions
 h - a potion of degeneration
 m - a potion of curing
Comestibles
 a - 6 bread rations
 b - a beef jerky
 d - 3 meat rations
 f - a slice of pizza


   Skills:
 - Level 3.2(3.0) Fighting
 - Level 2.6(2.4) Dodging
 - Level 1.7(1.5) Stealth
 + Level 6.8(6.6) Unarmed Combat


You had 4 spell levels left.
You didn't know any spells.

Dungeon Overview and Level Annotations

Branches:
Dungeon (4/15)
 Temple: D:4-7

Altars:
Okawaru
Trog

Annotations:
D:4 comborobin's ghost, amateur CeSu


Innate Abilities, Weirdness & Mutations

Your plain brown scales are hard (AC +5).
Your body does not fit into most forms of armour.
You are cold-blooded and may be slowed by cold attacks.
You have a pair of small horns on your head.
Your flesh is heat resistant.
You passively map a small area around you.
You expend magic power (3 MP) to strengthen your wands.


Message History

Comborobin's ghost barely misses you.
You hit comborobin's ghost but do no damage.
You headbutt comborobin's ghost, but do no damage.
Comborobin's ghost is severely damaged.
Comborobin's ghost hits you!
You are more poisoned.
You hit comborobin's ghost.
Comborobin's ghost is severely damaged.
You feel sick.
You completely miss comborobin's ghost.
Comborobin's ghost is severely damaged.
You feel sick. Comborobin's ghost hits you!
* * * LOW HITPOINT WARNING * * *
You are more poisoned.
You hit comborobin's ghost.
You tail-slap comborobin's ghost, but do no damage.
Comborobin's ghost is almost destroyed.
* * * LOW HITPOINT WARNING * * *
You feel sick. Comborobin's ghost hits you.
You die...

, ** * ## ,
.(* * #)
######### *
#.* #........
#.* #.#######
#W#########.#
*
#.@.......#.#
*
#########...#
#####


You could see comborobin's ghost.

Vanquished Creatures
  An orc wizard (D:3)
  An orc priest (D:3)
  Terence (D:2)
  4 adders
  An ooze (D:1)
  3 worms
  3 dart slugs
  2 giant geckos
  3 orcs (D:3)
  2 giant cockroaches (D:2)
  5 goblins
  6 hobgoblins
  6 jackals
  2 ball pythons
  4 bats
  3 giant newts
  8 kobolds
  8 rats
63 creatures vanquished.

Notes
Turn   | Place    | Note
--------------------------------------------------------------
     0 | D:1      | namelastname112 the Draconian Monk began the quest for the Orb.
     0 | D:1      | Reached XP level 1. HP: 19/19 MP: 1/1
   188 | D:1      | Reached XP level 2. HP: 23/26 MP: 2/2
   650 | D:2      | Reached skill level 5 in Unarmed Combat
   650 | D:2      | Reached XP level 3. HP: 22/31 MP: 3/3
   795 | D:2      | Noticed Terence
   815 | D:2      | Killed Terence
   815 | D:2      | Reached XP level 4. HP: 18/38 MP: 4/4
  1687 | D:3      | Reached skill level 6 in Unarmed Combat
  1882 | D:3      | Reached XP level 5. HP: 16/45 MP: 5/5
  1885 | D:3      | Gained mutation: You expend magic power (3 MP) to strengthen your wands. [potion of mutation]
  1885 | D:3      | Gained mutation: You are frail (-10% HP). [potion of mutation]
  1885 | D:3      | Gained mutation: You have a pair of small horns on your head. [potion of mutation]
  1897 | D:3      | Gained mutation: You passively map a small area around you. [potion of mutation]
  1897 | D:3      | Lost mutation: You are frail (-10% HP). [potion of mutation]
  1897 | D:3      | Gained mutation: Your flesh is heat resistant. [potion of mutation]
  2069 | D:3      | Found a bloodstained altar of Trog.
  2069 | D:3      | Found an iron altar of Okawaru.
  2440 | D:4      | Noticed comborobin's ghost (amateur CeSu)
  2479 | D:4      | Slain by comborobin's ghost

Vault maps used:
D:1:      dpeg_arrival_simpleton_b, supply_closet_lemuel
D:2:      uniq_terence
D:3:      gammafunk_temple_overflow_elements
D:4:      kiku_gazebo_pond_becter, gup_sewer_entry_bowl,
          grunt_dithmenos_shadows, uniq_duvessa

Skill      XL: |  1  2  3  4 |
---------------+-------------+-----
Unarmed Combat | 5 6 |  6.8
Fighting       | |  3.2
Dodging        | |  2.6
Stealth        | |  1.7

Action                   |  1- 3 |  4- 6 || total
-------------------------+-------+-------++-------
Melee: Unarmed           |    87 |   122 ||   209
  Use: Potion            |       |     7 ||     7
 Stab: Sleeping          |     3 |     3 ||     6
  Eat: Chunk             |       |     4 ||     4
